 Dungeon Crawl Stone Soup version 0.20-a0-947-g2784f4f (webtiles) character file.

1851 nikopol the Skirmisher (level 9, -1/85 HPs)
             Began as a Gargoyle Berserker on Apr 3, 2017.
             Was a Priest of Trog.
             Slain by an eight-headed hydra (7 damage)
             ... on level 9 of the Dungeon.
             The game lasted 00:14:22 (5920 turns).

nikopol the Skirmisher (Gargoyle Berserker)         Turns: 5920, Time: 00:14:22

Health: -1/85      AC: 16    Str: 26    XL:     9   Next: 12%
Magic:  9/9        EV: 11    Int:  8    God:    Trog [***...]
Gold:   317        SH:  0    Dex: 12    Spells: 8/8 levels left

rFire    . . .     SeeInvis .   a - +1 war axe
rCold    . . .     Gourm    .   (no shield)
rNeg     + . .     Faith    .   g - +1 chain mail
rPois    ∞         Spirit   .   (no helmet)
rElec    +         Reflect  .   (no cloak)
rCorr    +         Harm     .   (no gloves)
MR       +....                  (no boots)
Stlth    ..........             (no amulet)
Regen    0.3/turn               t - ring of protection from magic
MPRegen  0.2/turn               w - ring of resist corrosion

@: berserking, very quick
A: negative energy resistance 1, electricity resistance, unbreathing,
petrification resistance, rot immunity, AC +5
a: Berserk, Trog's Hand, Burn Spellbooks, Renounce Religion


You were on level 9 of the Dungeon.
You worshipped Trog.
Trog was most pleased with you.
You were very hungry.

You visited 1 branch of the dungeon, and saw 8 of its levels.
You also visited: Ossuary.

You collected 317 gold pieces.

Inventory:

Hand Weapons
 a - a +1 war axe (weapon)
 z - a +0 shortbow
 B - a +0 hand axe
Missiles
 l - 85 arrows (quivered)
Armour
 b - a +0 animal skin
 e - a +0 leather armour
 g - a +1 chain mail (worn)
 y - a +0 ring mail
Jewellery
 t - a ring of protection from magic (left hand)
 w - a ring of resist corrosion (right hand)
 C - a cursed ring of loudness {unknown}
 J - an uncursed ring of wizardry {unknown}
Wands
 n - a wand of paralysis (9/24)
 v - a wand of confusion (15/48)
Scrolls
 f - 3 scrolls of recharging {unknown}
 k - 3 scrolls of remove curse
 m - 2 scrolls of enchant armour
 p - 2 scrolls of fog
 q - 4 scrolls of teleportation
 r - 6 scrolls of identify
 s - 3 scrolls of magic mapping
 u - 2 scrolls of blinking {unknown}
 D - a scroll of acquirement {unknown}
Potions
 d - 5 potions of lignification
 h - a potion of mutation {unknown}
 i - a potion of berserk rage {unknown}
 j - a potion of heal wounds {unknown}
 o - 3 potions of might
 x - 2 potions of curing {unknown}
 A - a potion of flight {unknown}
 E - a potion of brilliance {unknown}
 H - a potion of degeneration {unknown}
Comestibles
 c - 3 bread rations
 F - 2 fruits
 G - 2 royal jellies
 I - 4 chunks of flesh


   Skills:
 + Level 7.2 Fighting
 * Level 5.8 Axes
 * Level 0.4 Bows
 + Level 6.5 Armour
 + Level 5.0 Dodging


You had 8 spell levels left.
You didn't know any spells.

Dungeon Overview and Level Annotations

Branches:
Dungeon (10/15)            Temple (0/1) D:5
   Lair: D:8-11         Orc: D:9-12

Altars:
Ashenzari
Dithmenos
Kikubaaqudgha
Makhleb
Trog


Innate Abilities, Weirdness & Mutations

You are resistant to torment.
Your stone body is resilient. (AC +5)
You are immune to poison.
You resist negative energy. (rN+)
You are resistant to electric shocks. (rElec)
You can survive without breathing.
You are immune to petrification.
You are immune to rotting.


Message History

The two-headed ogre hits you but does no damage.
A red film seems to cover your vision as you go berserk!
You feel yourself moving faster!
You feel mighty!
You are feeling very hungry.
The seven-headed hydra bites you.
The seven-headed hydra bites you but does no damage.
The seven-headed hydra bites you. The seven-headed hydra bites you!
The seven-headed hydra bites you but does no damage.
The seven-headed hydra bites you.
* * * LOW HITPOINT WARNING * * *
The seven-headed hydra closely misses you.
The two-headed ogre closely misses you.
The two-headed ogre hits you with a dire flail!
* * * LOW HITPOINT WARNING * * *
You slice the two-headed ogre!!
The two-headed ogre is moderately wounded.
You hack one of the seven-headed hydra's heads off!
The six-headed hydra grows two more!
You hit the eight-headed hydra. The eight-headed hydra bites you!
You die...

................
##..#...#####..
#...### ##.
##.## #. #.# #.
###.# ## ##.##
$.#.# #
......#####.#.#
# #....O@D.#.#.#
#
#.....###.#.#.#
#
......###.#.#.#
#
..............#
#
##.#.##########
# #


You could see an eight-headed hydra and a two-headed ogre.

Vanquished Creatures
  The ghost of nikopol the Skirmisher, a novice GrBe of Trog (D:5)
  An ice beast (D:6)
  An ogre (D:9)
  A centaur (D:9)
  2 wyvern zombies (Ossuary)
  A water moccasin zombie (Ossuary)
  3 scorpions
  A howler monkey (D:4)
  A crimson imp (D:6)
  3 bullfrog zombies (Ossuary)
  3 centaur zombies (Ossuary)
  5 hounds
  An orc wizard (D:3)
  3 worker ants
  2 killer bee zombies (Ossuary)
  14 mummies (Ossuary)
  The ghost of 4thArraOfDagon the Conjurer, a weakling OpCj (D:4)
  A hound skeleton (D:9)
  A howler monkey zombie (Ossuary)
  3 worker ant zombies
  3 gnolls (D:2)
  7 adders
  A shadow imp (D:5)
  An ooze (D:5)
  4 adder zombies
  3 worms (D:2)
  2 dart slugs (D:1)
  3 leopard geckos
  2 orcs (D:3)
  3 ball pythons
  3 giant cockroaches
  6 hobgoblins
  5 kobolds
  2 quokkas
  7 bats
  7 frilled lizards
  4 goblins
  3 leopard gecko zombies (Ossuary)
  A quokka skeleton (D:5)
  2 quokka zombies (Ossuary)
  6 rats
124 creatures vanquished.

Vanquished Creatures (others)
  A withered plant (Ossuary)
1 creature vanquished.

Grand Total: 125 creatures vanquished

Notes
Turn   | Place    | Note
-------+----------+-------------------------------------------
     0 | D:1      | nikopol the Gargoyle Berserker began the quest for the Orb.
     0 | D:1      | Reached XP level 1. HP: 14/14 MP: 1/1
   266 | D:1      | Reached XP level 2. HP: 19/19 MP: 2/2
   674 | D:2      | Reached XP level 3. HP: 14/24 MP: 3/3
   879 | D:2      | HP: 1/36 [worm (8)]
   881 | D:2      | Reached ** piety under Trog
   881 | D:2      | Reached skill level 4 in Fighting
  1391 | D:2      | Reached XP level 4. HP: 28/29 MP: 4/4
  1405 | D:2      | Found a shattered altar of Ashenzari.
  1439 | D:2      | Found an ancient bone altar of Kikubaaqudgha.
  1439 | D:2      | Found a bloodstained altar of Trog.
  1863 | D:3      | Found a shadowy altar of Dithmenos.
  2049 | D:3      | Found a burning altar of Makhleb.
  2052 | D:3      | Noticed a cacodemon
  2174 | D:3      | Reached XP level 5. HP: 31/34 MP: 5/5
  2821 | D:4      | Reached XP level 6. HP: 40/40 MP: 6/6
  2826 | D:4      | Noticed 4thArraOfDagon's ghost (weakling OpCj)
  2840 | D:4      | Killed 4thArraOfDagon's ghost
  3358 | D:4      | Reached skill level 5 in Fighting
  3974 | D:5      | Entered Level 5 of the Dungeon
  4025 | D:5      | Noticed nikopol's ghost (novice GrBe)
  4042 | D:5      | Killed nikopol's ghost
  4042 | D:5      | Reached XP level 7. HP: 44/44 MP: 7/7
  4080 | D:5      | Found a sand-covered staircase.
  4090 | Ossuary  | Entered an ossuary
  4153 | Ossuary  | Reached skill level 5 in Armour
  4153 | Ossuary  | Reached XP level 8. HP: 22/51 MP: 8/8
  4174 | Ossuary  | Reached skill level 6 in Fighting
  4427 | Ossuary  | Reached skill level 5 in Axes
  4442 | Ossuary  | Reached *** piety under Trog
  5206 | D:5      | Found a staircase to the Ecumenical Temple.
  5732 | D:6      | You fall through a shaft for 3 floors!
  5741 | D:9      | Reached skill level 7 in Fighting
  5741 | D:9      | Reached XP level 9. HP: 57/57 MP: 9/9
  5747 | D:9      | Reached skill level 5 in Dodging
  5859 | D:9      | Noticed a seven-headed hydra
  5878 | D:10     | Entered Level 10 of the Dungeon
  5914 | D:9      | Noticed a two-headed ogre
  5920 | D:9      | Slain by an eight-headed hydra

Vault maps used:
D:1:      lightli_arrival_isolated_outpost
D:2:      ashenzari_altar_1, gammafunk_temple_overflow_elements
D:3:      grunt_dithmenos_smoke, hangedman_decor_clover_reticule,
          grunt_ministairs_10, wad_floor_pattern_1, makhleb_altar_promises_db
D:5:      minmay_temple_entry_metal_lava, nicolae_ossuary_entry_ruins,
          first_bread, kennysheep_generic_room_13
D:6:      minivault_5, grunt_ministairs_15, uniq_crazy_yiuf_cottage
D:9:      okawaru_metal_pillars_1_2, lemuel_flame_loot_1, uniq_prince_ribbit1
D:10:     erik_lair_island
Ossuary:  ossuary_zaba_flooded

Skill      XL: |  1  2  3  4  5  6  7  8  9 |
---------------+----------------------------+-----
Dodging        | 2 3 4 5 |  5.0
Fighting       | 4 5 7 |  7.2
Axes           | 3 4 5 |  5.8
Armour         | 3 4 5 6 |  6.5
Bows           | |  0.4

Action                   |  1- 3 |  4- 6 |  7- 9 || total
-------------------------+-------+-------+-------++-------
Melee: Hand axe          |   112 |   129 |       ||   241
       War axe           |       |    26 |   253 ||   279
 Fire: Shortbow          |       |       |     4 ||     4
Invok: Berserk           |     2 |     3 |     4 ||     9
       Burn Spellbooks   |       |     1 |       ||     1
       Trog's Hand       |       |       |     2 ||     2
  Use: Scroll            |       |     8 |     1 ||     9
       Potion            |       |       |     1 ||     1
  Eat: Chunk             |     3 |     7 |     6 ||    16
       Fruit             |       |     2 |     1 ||     3
       Royal jelly       |       |     1 |       ||     1
       Bread ration      |       |       |     1 ||     1
Armor: Leather armour    |    45 |    57 |       ||   102
       Ring mail         |       |    12 |       ||    12
       Chain mail        |       |     9 |   169 ||   178
Dodge: Dodged            |    78 |   112 |   121 ||   311
